 Dungeon Crawl Stone Soup version 0.24.1-8-ga250c9d538 (webtiles) character file.

Game seed: 4749152026831600978, levelgen mode: deterministic

45773 Brecoman the Fighter (level 14, -1/92 HPs)
             Began as a Gargoyle Earth Elementalist on May 3, 2020.
             Was the Champion of Cheibriados.
             Slain by a lindwurm (4 damage)
             ... summoned by Kirke
             ... on level 6 of the Lair of Beasts on May 4, 2020.
             The game lasted 01:27:35 (20659 turns).

Brecoman the Fighter (Gargoyle Earth Elementalist) Turns: 20659, Time: 01:27:36

Health: -1/92      AC:  0    Str: 28    XL:     14   Next: 34%
Magic:  23/28      EV: 19    Int: 35    God:    Cheibriados [******]
Gold:   925        SH:  0    Dex: 25    Spells: 8/34 levels left

rFire    . . .     SeeInvis .   (weapon currently unavailable)
rCold    . . .     Gourm    .   (shield currently unavailable)
rNeg     + . .     Faith    .   (armour currently unavailable)
rPois    ∞         Spirit   .   (helmet currently unavailable)
rElec    .         Reflect  .   (cloak currently unavailable)
rCorr    .         Harm     .   (gloves currently unavailable)
MR       +....                  (boots currently unavailable)
Stlth    +++.......             J - amulet of the acrobat
HPRegen  0.25/turn              (ring currently unavailable)
MPRegen  0.21/turn              (ring currently unavailable)

@: pig-form, flying, very slow
A: small, negative energy resistance 1, petrification resistance, rot immunity,
AC +10
a: Bend Time, Temporal Distortion, Slouch, Step From Time, Renounce Religion


You were on level 6 of the Lair of Beasts.
You worshipped Cheibriados.
Cheibriados was exalted by your worship.
You were not hungry.
You were a filthy swine.
You visited 3 branches of the dungeon, and saw 22 of its levels.

You collected 1265 gold pieces.
You spent 340 gold pieces at shops.

Inventory:

Hand Weapons
 u - a +1 eveningstar of protection
 F - a +2 vampiric whip (melded)
Missiles
 b - 415 stones (quivered)
 R - a throwing net
Armour
 j - a +1 buckler (melded)
 s - the +1 chain mail of the Wumpus {rC+ Regen+ Str+3 SInv}
   (You bought it in a shop on level 7 of the Dungeon)

   It affects your strength (+3).
   It protects you from cold.
   It lets you see invisible.
   It increases your rate of regeneration.
 D - a +0 cloak (melded)
 G - the +6 scale mail "Bihux Kegen" (melded) {rPois}
   (You found it on level 8 of the Dungeon)

   It protects you from poison.
 I - a +0 pair of gloves (melded)
 U - the cursed +1 chain mail "Mixad" {rElec Int+6 Dex-3}
   (You found it on level 2 of the Lair of Beasts)

   It affects your intelligence (+6).
   It affects your dexterity (-3).
   It insulates you from electricity.
   It has a curse placed upon it.
 X - a +0 helmet (melded)
Jewellery
 i - an uncursed ring of stealth
 p - a +4 ring of strength (melded)
 r - a ring of see invisible (melded)
 J - an amulet of the acrobat (around neck)
 Q - an uncursed ring of positive energy
 S - an uncursed ring of resist corrosion
 W - an uncursed ring of ice
Wands
 E - a wand of flame (41)
 L - a wand of acid (17)
 M - a wand of enslavement (10)
Scrolls
 h - 2 scrolls of enchant armour
 k - 3 scrolls of fog
 m - 13 scrolls of remove curse
 n - 6 scrolls of amnesia
 o - 4 scrolls of enchant weapon
 q - 2 scrolls of blinking
 y - 11 scrolls of teleportation
 H - 4 scrolls of magic mapping
 K - 2 scrolls of immolation
 P - a scroll of vulnerability
Potions
 a - 3 potions of flight
 f - 6 potions of magic
 g - 2 potions of invisibility
 l - 12 potions of curing
 t - 2 potions of might
 w - 6 potions of lignification
 x - 3 potions of heal wounds
 z - 3 potions of brilliance
 A - a potion of cancellation
 B - 2 potions of berserk rage {unknown}
 C - a potion of resistance {unknown}
 O - a potion of agility {unknown}
Miscellaneous
 N - a lamp of fire
 T - a phantom mirror
Comestibles
 c - 12 chunks of flesh
 d - 29 rations


   Skills:
 + Level 12.2 Fighting
 + Level 8.0 Maces & Flails
 + Level 8.9 Armour
 - Level 4.6 Dodging
 - Level 2.1 Stealth
 - Level 4.0 Shields
 + Level 10.7 Spellcasting
 - Level 6.8 Conjurations
 - Level 1.0 Necromancy
 - Level 1.0 Translocations
 - Level 3.3 Transmutations
 - Level 4.2 Fire Magic
 - Level 10.2 Earth Magic
 + Level 6.9 Invocations


You had 8 spell levels left.
You knew the following spells:

 Your Spells              Type           Power        Failure   Level  Hunger
a - Sandblast             Erth           ######       1%          1    None
b - Passwall              Tmut/Erth      ######..     1%          2    None
c - Stone Arrow           Conj/Erth      ######       1%          3    None
d - Lee's Rapid Deconstr  Erth           ######....   1%          5    ##.....
e - Petrify               Tmut/Erth      ######..     1%          4    None
f - Conjure Flame         Conj/Fire      ######..     1%          3    None
g - Animate Skeleton      Necr           N/A          1%          1    None
h - Blink                 Tloc           N/A          2%          2    None
i - Bolt of Magma         Conj/Fire/Erth ######....   3%          5    ##.....

Your spell library contained the following spells:

 Spells                   Type           Power        Failure   Level  Hunger
 Beastly Appendage        Tmut           #####.       1%          1    None
 Magic Dart               Conj           ####         1%          1    None
 Pain                     Necr           ####         1%          1    None
 Sticks to Snakes         Tmut           #####...     1%          2    None
 Dazzling Spray           Conj/Hex       #####.       1%          3    None
 Corona                   Hex            ###....      2%          1    None
 Mephitic Cloud           Conj/Pois/Air  ####....     2%          3    None
 Call Imp                 Summ           ###.....     3%          2    None
 Ensorcelled Hibernation  Hex/Ice        ###...       3%          2    None
 Slow                     Hex            ###.....     3%          2    None
 Spider Form              Tmut/Pois      ####......   3%          3    None
 Vampiric Draining        Necr           ####......   4%          3    None
 Regeneration             Chrm/Necr      ###.......   5%          3    None
 Confuse                  Hex            ###.....     7%          3    None
 Tukima's Dance           Hex            ###.....     7%          3    None
 Irradiate                Conj/Tmut      ######....   8%          5    ##.....
 Iron Shot                Conj/Erth      ######....   11%         6    ####...
 Ice Form                 Ice/Tmut       ####....     12%         4    None
 Animate Dead             Necr           N/A          16%         4    None
 Iskenderun's Battlesphe  Conj/Chrm      #####...     16%         5    ##.....
 Venom Bolt               Conj/Pois      #####.....   16%         5    ##.....
 Blade Hands              Tmut           #####.....   17%         5    ##.....
 Hydra Form               Tmut           #####.....   67%         6    ####...
 Orb of Destruction       Conj           ######....   75%         7    ######.
 Dragon Form              Tmut           #####.....   99%         7    ######.
 Spellforged Servitor     Conj/Summ      #####.....   99%         7    ######.
 Statue Form              Tmut/Erth      Unusable     N/A         6    N/A

Dungeon Overview and Level Annotations

Branches:
Dungeon (15/15)            Temple (1/1) D:4            Lair (6/6) D:9
 Shoals (0/4) Lair:2       Spider (0/4) Lair:3        Slime (0/5) Lair:6
    Orc (0/2) D:9
 Vaults: D:13-14     Depths: D:15

Altars:
Ashenzari
Cheibriados
Dithmenos
Fedhas
Hepliaklqana
Kikubaaqudgha
Makhleb
Nemelex Xobeh
Okawaru
Qazlal
Ru
Sif Muna
Trog
Uskayaw
Vehumet
Yredelemnul
The Shining One
Jiyva

Shops:
D:7 [   D:10 ?   D:13 (

Portals:
Trove: D:10 (give 2 scrolls of acquirement)

Annotations:
D:4 Sigmund
D:5 1 runed translucent door, letownia's ghost, weakling GnEE
D:7 3 runed translucent doors, releu's ghost, novice CeWr
Lair:6 Kirke


Innate Abilities, Weirdness & Mutations

You are resistant to torment.
((Your stone body is resilient. (AC +10)))
You are immune to poison.
((Your large and strong wings let you fly indefinitely.))
You resist negative energy. (rN+)
((You are resistant to electric shocks. (rElec)))
((You can survive without breathing.))
You are immune to petrification.
You are immune to rotting.


Message History

The hog completely misses you. The hog closely misses you.
The wyvern completely misses you. The hog completely misses you.
The wyvern barely misses you. The hog completely misses you. x2
The hog bites you! The wyvern closely misses you.
The hog completely misses you. The hog bites you.
The hog completely misses you. The wyvern completely misses you.
The lindwurm completely misses you. x2
The lindwurm misses you. The hog completely misses you.
The hog completely misses you. The wyvern misses you.
The lindwurm misses you. x2
The lindwurm closely misses you. The hog bites you!
The hog completely misses you. The wyvern completely misses you.
The wyvern completely misses you. The hog misses you.
The lindwurm breathes flames at you. The blast of flame hits you!!!
* * * LOW HITPOINT WARNING * * *
The hog misses you.
There is a stone staircase leading up here.
The wyvern misses you. The hog barely misses you.
The lindwurm completely misses you. The lindwurm claws you.
You die...

#.......#..######..## #...
..##...###.....###...####P.
.#..... ##...........##...
....... #...........###...
....... #....#.##..###....
.......# ###..###...##.#..#
...#.......###.#..#....###^..#
.>.#......#..%##.P.#...###P...
._..........hh...........P[...
..............lhk...............
................h................
..#..............................
..P.P.###........................
#...P..#.......#.....P.#.#.#.....
.......#.......##.#..### ##....#.
.......#......##P.##.# #P.#...
##............###.. ..# .......


You could see a lindwurm, 3 hogs and a wyvern.

Vanquished Creatures
  Snorg (Lair:6)
  Josephine (D:10)
  Fannar (Lair:1)
  3 hydras
  An ogre mage (D:15)
  8 two-headed ogres
  A death yak (D:7)
  Sonja (Lair:1)
  A skeletal warrior (D:11)
  An unseen horror (D:12)
  A necromancer (D:11)
  2 ugly things (D:13)
  3 oklob plants
  2 cyclopes
  A deep elf mage (D:13)
  3 elephants (Lair:6)
  A black mamba (Lair:4)
  A centaur zombie (D:11)
  3 gargoyles
  9 spiny frogs
  Joseph (Lair:1)
  A torpor snail (Lair:1)
  3 rime drakes
  2 komodo dragons
  2 trolls
  A polar bear (Lair:6)
  2 hornets
  A blink frog (Lair:2)
  9 hippogriffs
  A dream sheep (Lair:1)
  4 flying skulls (D:11)
  3 shadows (D:11)
  A vampire (D:11)
  7 wraiths
  2 wyverns (D:8)
  37 yaks
  Eustachio (D:4)
  A hog (Lair:6)
  A basilisk (Lair:6)
  A warg (Lair:2)
  An acid dragon (D:12)
  6 water moccasins
  4 porcupines
  3 black bears
  8 ice beasts
  3 sky beasts
  2 orc warriors
  A necrophage (D:9)
  8 ogres
  7 wolves
  4 centaurs
  An eye of draining (D:7)
  3 phantoms
  11 crocodiles
  A big kobold (D:7)
  13 bullfrogs
  A wyvern zombie (D:11)
  A water moccasin zombie (D:8)
  2 wyvern skeletons
  3 scorpions (D:5)
  A water moccasin skeleton (D:7)
  3 wights (D:11)
  12 killer bees
  An electric eel (Lair:5)
  2 howler monkeys (D:9)
  6 crimson imps
  2 bullfrog zombies (D:11)
  3 bullfrog skeletons (D:11)
  2 quasits (D:11)
  11 hounds
  2 jellies
  An orc priest (D:10)
  2 gnoll shamans
  5 orc wizards
  5 iguanas
  5 centaur skeletons
  7 hell rats (Lair:6)
  Natasha (twice) (D:2)
  9 worker ants
  A killer bee zombie (D:6)
  A hound skeleton (D:2)
  A hound zombie (D:11)
  6 worker ant zombies
  12 gnolls
  17 adders
  2 howler monkey skeletons (D:11)
  4 shadow imps
  2 ufetubi (D:8)
  2 oozes
  2 adder skeletons
  An adder zombie (D:5)
  3 dart slugs
  11 leopard geckos
  23 orcs
  3 ball pythons
  4 bats
  3 giant cockroaches
  12 hobgoblins
  10 jackals
  4 quokkas
  A ball python zombie (D:5)
  3 frilled lizards
  12 goblins
  20 kobolds
  A quokka skeleton (D:5)
  8 rats
  A plant (Lair:1)
460 creatures vanquished.

Vanquished Creatures (collateral kills)
  A spiny frog (Lair:6)
  3 elephants (Lair:6)
  A rime drake (Lair:6)
  A komodo dragon (Lair:6)
  3 hippogriffs
  A hog (Lair:6)
  A yak (Lair:6)
  A crocodile (Lair:2)
  2 bullfrogs
  An electric eel (Lair:5)
  A jelly (D:10)
  An adder (D:11)
  4 fungi
  4 plants
25 creatures vanquished.

Vanquished Creatures (others)
  9 fungi
  7 plants
16 creatures vanquished.

Grand Total: 501 creatures vanquished

Notes
Turn   | Place    | Note
-------+----------+-------------------------------------------
     0 | D:1      | Brecoman the Gargoyle Earth Elementalist began the quest
                  | for the Orb.
     0 | D:1      | Reached XP level 1. HP: 10/10 MP: 3/3
   405 | D:1      | Reached XP level 2. HP: 16/16 MP: 3/5
   411 | D:1      | Reached skill level 1 in Fighting
   602 | D:1      | Learned a level 2 spell: Passwall
   770 | D:1      | Reached XP level 3. HP: 20/20 MP: 4/6
  1289 | D:2      | Found a glowing golden altar of the Shining One.
  1402 | D:2      | Reached skill level 1 in Maces & Flails
  1727 | D:2      | Reached skill level 1 in Shields
  1727 | D:2      | Reached XP level 4. HP: 26/26 MP: 7/7
  1796 | D:2      | Reached skill level 2 in Fighting
  2202 | D:2      | Noticed Natasha
  2209 | D:2      | Killed Natasha
  2209 | D:2      | Reached XP level 5. HP: 31/31 MP: 5/9
  2262 | D:3      | Found a faded altar of an unknown god.
  2653 | D:3      | Learned a level 3 spell: Stone Arrow
  3059 | D:4      | Noticed a phantom
  3060 | D:4      | Found a staircase to the Ecumenical Temple.
  3119 | D:4      | Killed a phantom
  3119 | D:4      | Reached skill level 3 in Fighting
  3119 | D:4      | Reached skill level 1 in Conjurations
  3119 | D:4      | Reached skill level 5 in Earth Magic
  3119 | D:4      | Reached XP level 6. HP: 33/37 MP: 0/10
  3242 | D:2      | Noticed Natasha
  3247 | D:2      | Killed Natasha
  3350 | Temple   | Entered the Ecumenical Temple
  3356 | Temple   | Became a worshipper of Cheibriados the Contemplative
  3745 | D:4      | Noticed Eustachio
  3834 | D:4      | Reached XP level 7. HP: 32/41 MP: 2/12
  3880 | D:4      | Killed Eustachio
  4035 | D:4      | Noticed Sigmund
  4167 | D:4      | Reached skill level 4 in Fighting
  4496 | D:5      | Entered Level 5 of the Dungeon
  4517 | D:5      | Noticed letownia's ghost (weakling GnEE)
  4519 | D:5      | Found a runed translucent door.
  4637 | D:5      | Reached XP level 8. HP: 48/48 MP: 3/14
  4647 | D:5      | Reached * piety under Cheibriados
  5170 | D:5      | Reached skill level 5 in Fighting
  5359 | D:5      | Found a sparkling altar of Nemelex Xobeh.
  6062 | D:6      | Reached ** piety under Cheibriados
  6062 | D:6      | Reached skill level 5 in Spellcasting
  6257 | D:6      | Found a blossoming altar of Fedhas.
  6257 | D:6      | Found an ancient bone altar of Kikubaaqudgha.
  6260 | D:6      | Found an iron altar of Okawaru.
  6380 | D:6      | Reached XP level 9. HP: 4/54 MP: 10/16
  6381 | D:6      | Reached skill level 1 in Invocations
  6694 | D:7      | Found a runed translucent gate.
  6696 | D:7      | Found a runed translucent gate.
  6708 | D:7      | Found a runed translucent gate.
  6708 | D:7      | Noticed releu's ghost (novice CeWr)
  6708 | D:7      | Noticed a kobold demonologist
  6709 | D:7      | Identified the +6 dagger of Suicidal Tendencies {drain,
                  | +Inv MR+}
  6751 | D:7      | Reached skill level 5 in Conjurations
  6985 | D:6      | Reached skill level 6 in Fighting
  7070 | D:7      | Found a hide-covered altar of Uskayaw.
  7111 | D:7      | Found Furchial's Antique Armour Emporium.
  7188 | D:7      | Bought a dazzling chain mail for 256 gold pieces
  7198 | D:7      | Identified the cursed +1 chain mail of the Wumpus {rC+
                  | Regen+ Str+3 SInv} (You bought it in a shop on level 7 of
                  | the Dungeon)
  7515 | D:8      | Identified a scroll of acquirement
  7563 | D:8      | Noticed a gargoyle
  7635 | D:7      | Killed a gargoyle
  7759 | D:7      | Reached *** piety under Cheibriados
  7853 | D:8      | Noticed a death yak
  7994 | D:7      | Reached skill level 7 in Fighting
  7994 | D:7      | Reached XP level 10. HP: 61/63 MP: 19/19
  8082 | D:7      | Killed a death yak
  8268 | D:8      | Got a bloodstained scale mail
  8269 | D:8      | Identified the +6 scale mail "Bihux Kegen" {rPois} (You
                  | found it on level 8 of the Dungeon)
  8286 | D:8      | Learned a level 5 spell: Lee's Rapid Deconstruction
  8291 | D:8      | Learned a level 4 spell: Petrify
  8329 | D:8      | Reached skill level 1 in Transmutations
  8404 | D:8      | Noticed a two-headed ogre
  8415 | D:8      | Killed a two-headed ogre
  8415 | D:8      | Reached skill level 8 in Fighting
  8633 | D:8      | Found a bloodstained altar of Trog.
  8748 | D:8      | Reached **** piety under Cheibriados
  8940 | D:8      | Found a hazy altar of Hepliaklqana.
  9182 | D:9      | Reached skill level 10 in Earth Magic
  9189 | D:9      | Reached XP level 11. HP: 69/69 MP: 22/22
  9274 | D:9      | Noticed a two-headed ogre
  9279 | D:9      | Killed a two-headed ogre
  9284 | D:9      | Found a staircase to the Orcish Mines.
  9374 | D:9      | Learned a level 3 spell: Conjure Flame
  9398 | D:9      | Found a staircase to the Lair.
  9430 | D:9      | Noticed a five-headed hydra
  9435 | D:9      | Killed a five-headed hydra
  9435 | D:9      | Reached skill level 9 in Fighting
  9435 | D:9      | Reached skill level 1 in Armour
  9451 | D:9      | Reached skill level 1 in Fire Magic
  9513 | D:9      | Found a stormy altar of Qazlal.
  9513 | D:9      | Found a burning altar of Makhleb.
  9841 | D:9      | Reached ***** piety under Cheibriados
 10144 | D:10     | Entered Level 10 of the Dungeon
 10173 | D:10     | Noticed Josephine
 10180 | D:10     | Killed Josephine
 10218 | D:10     | Reached skill level 5 in Maces & Flails
 10329 | D:10     | Found a portal to a secret trove of treasure.
 10464 | D:10     | Found Afiena's Magic Scroll Shop.
 10483 | D:10     | Bought 2 scrolls of identify for 48 gold pieces
 10545 | D:10     | Bought a scroll of teleportation for 36 gold pieces
 10605 | D:10     | Learned a level 1 spell: Animate Skeleton
 10608 | D:10     | Learned a level 2 spell: Blink
 11470 | D:11     | Reached skill level 1 in Translocations
 11470 | D:11     | Reached XP level 12. HP: 76/77 MP: 24/24
 11483 | D:11     | Reached skill level 1 in Necromancy
 11812 | D:11     | Reached skill level 10 in Fighting
 12782 | D:11     | Reached skill level 5 in Armour
 13262 | D:12     | Reached ****** piety under Cheibriados
 13869 | D:13     | Noticed a soul eater
 14026 | D:13     | Learned a level 5 spell: Bolt of Magma
 14143 | D:13     | Found Pikh's Antique Weapon Shop.
 14160 | D:13     | You fall into a shaft and drop 2 floors!
 14160 | D:15     | Entered Level 15 of the Dungeon
 14407 | D:15     | Noticed an ogre mage
 14407 | D:15     | Noticed a two-headed ogre
 14407 | D:15     | Noticed a two-headed ogre
 14407 | D:15     | Noticed a two-headed ogre
 14407 | D:15     | Noticed a two-headed ogre
 14407 | D:15     | Noticed a two-headed ogre
 14407 | D:15     | Noticed a two-headed ogre
 14414 | D:15     | Killed an ogre mage
 14415 | D:15     | Killed a two-headed ogre
 14415 | D:15     | Killed a two-headed ogre
 14415 | D:15     | Reached XP level 13. HP: 84/84 MP: 10/26
 14416 | D:15     | Reached skill level 11 in Fighting
 14625 | Lair:1   | Entered Level 1 of the Lair of Beasts
 15013 | Lair:1   | Noticed Fannar
 15046 | Lair:1   | Noticed Sonja
 15048 | Lair:1   | Killed Fannar
 15083 | Lair:1   | Killed Sonja
 15217 | Lair:1   | Reached skill level 10 in Spellcasting
 15265 | Lair:1   | Reached skill level 5 in Invocations
 15296 | Lair:1   | Noticed Joseph
 15308 | Lair:1   | Killed Joseph
 16628 | Lair:2   | Got a transparent chain mail
 16697 | Lair:2   | Found a staircase to the Shoals.
 16706 | Lair:2   | Found the +10 Black Knight's horse barding {ponderous,
                  | rPois rN+}
 16716 | Lair:2   | Identified the cursed +1 chain mail "Mixad" {rElec Int+6
                  | Dex-3} (You found it on level 2 of the Lair of Beasts)
 17830 | Lair:3   | Found a hole to the Spider Nest.
 18696 | Lair:4   | Gained mutation: Your large and strong wings let you fly
                  | indefinitely. [Gargoyle growth]
 18696 | Lair:4   | Reached XP level 14. HP: 27/91 MP: 3/28
 19678 | Lair:5   | Reached skill level 12 in Fighting
 20017 | Lair:6   | Entered Level 6 of the Lair of Beasts
 20172 | Lair:6   | Noticed Snorg
 20177 | Lair:6   | Killed Snorg
 20616 | Lair:6   | Found a viscous altar of Jiyva.
 20616 | Lair:6   | Found a staircase to the Slime Pits.
 20632 | Lair:6   | Noticed Kirke
 20658 | Lair:6   | HP: 2/92 [lindwurm/blast of flame[Kirke] (40)]
 20659 | Lair:6   | Slain by a lindwurm

Levels and vault maps discovered:
D:1:      dpeg_arrival_court, layout_basic, lexackson_kobold_supper
D:2:      layout_loops_ring, tso_metal_star, uniq_natasha
D:3:      layout_basic, chequers_ecumenical_altar_simple
D:4:      layout_loops_ring, minmay_temple_entry_crystal_x, first_ration,
          uniq_eustachio, uniq_sigmund
D:5:      layout_basic, nemelex_altar_shiori, ebering_ghost_inner_flame,
          minmay_misc_feat_room
D:6:      layout_rooms, minitemple, chequers_serial_rivers_micro_e
D:7:      layout_rooms, serial_shops, shop, gammafunk_ghost_nasty_kobolds,
          minmay_ruined_shrine
D:8:      hangedman_cross_stitches, layout_rooms, lemuel_coloured_pillars_altar,
          kennysheep_mini_moat, serial_ice, serial_ice_e, serial_ice_g,
          serial_ice_l, serial_ice_c, serial_ice_a
D:9:      layout_roguey, gammafunk_temple_overflow_wave, dpeg_oklobed_lair,
          orc_0_dummy
D:10:     layout_loops_ring, serial_shops, shop, enter_trove_3, uniq_josephine
D:11:     hangedman_screamer, layout_long_grid
D:12:     layout_rooms
D:13:     kennysheep_six_static_rooms, layout_long_grid, serial_shops, shop
D:14:     layout_basic, lightli_vaults_fourway_checkpoint,
          minmay_misc_feat_rugged
D:15:     grunt_enter_depths_magical_seal, layout_loops_corners, basic_altar,
          solitary_fountain
Temple:   eino_narrow_crystal_temple
Lair:1:   layout_small_grid, chequers_serial_rivers_large_a,
          columned_hall_lemuel, minmay_shattered_shrine, uniq_fannar,
          uniq_joseph, uniq_sonja
Lair:2:   beast_lair_carwin_large_3, layout_gridlike, elwin_shoals_entry_rocks,
          eino_small_chamber_without_monster, lemuel_fruit_tree,
          lemuel_fruit_fields, minmay_lair_oklob_chamber
Lair:3:   layout_regular_city, spider_nest_entry_web_field
Lair:4:   layout_regular_city, infiniplex_staircase_pool
Lair:5:   layout_gridlike, nicolae_quartered_pool_medium
Lair:6:   minmay_lair_end_enchanted_forest, layout_regular_city, slime_altar_1,
          small_statue_intersection, uniq_kirke, uniq_snorg

Skill      XL: |  1  2  3  4  5  6  7  8  9 10 11 12 13 14 |
---------------+-------------------------------------------+-----
Fighting       | 1 2 3 4 5 7 8 9 10 11 12 | 12.2
Earth Magic    | 4 5 6 7 8 10 | 10.2
Maces & Flails | 1 2 4 5 6 7 8 |  8.0
Shields        | 1 2 3 4 |  4.0
Spellcasting   | 3 4 5 6 7 8 9 10 | 10.7
Conjurations   | 1 3 4 5 6 |  6.8
Invocations    | 3 4 6 |  6.9
Transmutations | 2 3 |  3.3
Armour         | 3 6 8 |  8.9
Dodging        | 3 4 |  4.6
Fire Magic     | 2 3 4 |  4.2
Translocations | 1 |  1.0
Necromancy     | 1 |  1.0
Stealth        | |  2.1

Action                   |  1- 3 |  4- 6 |  7- 9 | 10-12 | 13-15 || total
-------------------------+-------+-------+-------+-------+-------++-------
Melee: Mace              |    79 |    27 |   264 |       |       ||   370
       Eveningstar       |       |       |    52 |    55 |       ||   107
       Whip              |       |       |       |   629 |   518 ||  1147
 Cast: Sandblast         |    30 |    89 |    40 |    56 |    61 ||   276
       Stone Arrow       |       |     1 |     6 |    69 |    64 ||   140
       Passwall          |       |       |     4 |     1 |       ||     5
       Lee's Rapid Decon |       |       |       |    38 |    40 ||    78
       Animate Skeleton  |       |       |       |    14 |    72 ||    86
       Petrify           |       |       |       |     1 |     5 ||     6
       Bolt of Magma     |       |       |       |       |     4 ||     4
Invok: Bend Time         |       |       |     1 |     3 |       ||     4
       Temporal Distorti |       |       |       |     1 |       ||     1
 Abil: Fly               |       |       |       |       |     1 ||     1
  Use: Scroll            |       |       |    11 |    16 |     6 ||    33
       Potion            |       |       |       |     1 |       ||     1
 Stab: Sleeping          |     4 |     2 |       |     3 |     1 ||    10
       Distracted        |     1 |       |       |     2 |     7 ||    10
       Petrified         |       |       |       |     3 |     9 ||    12
  Eat: Chunk             |     3 |     6 |     6 |    12 |     9 ||    36
       Ration            |       |       |     1 |     2 |     1 ||     4
Armor: Robe              |    24 |     8 |       |       |       ||    32
       Ring mail         |       |     8 |   145 |       |       ||   153
       Chain mail        |       |       |   101 |    28 |       ||   129
       Scale mail        |       |       |       |   286 |   202 ||   488
Dodge: Dodged            |    41 |    36 |   285 |   460 |   361 ||  1183
Block: Buckler           |       |       |   137 |   242 |   162 ||   541
